 Dungeon Crawl Stone Soup version 0.27-a0-1291-geefcff550b (webtiles) character file.

Game seed: 8901632281731302073

53719 freelancePsychic the Fighter (level 14, -6/121 HPs)
             Began as a Demonspawn Transmuter on June 15, 2021.
             Was a High Priest of Okawaru.
             Mangled by a two-headed ogre (12 damage)
             ... while paralysed by an ogre mage
             ... on level 2 of the Orcish Mines.
             The game lasted 00:57:33 (24900 turns).

freelancePsychic the Fighter (DsTm)                Turns: 24900, Time: 00:57:33

Health: -6/121     AC: 19    Str: 14    XL:     14   Next: 31%
Magic:  13/18      EV:  2    Int: 16    God:    Okawaru [*****.]
Gold:   2165       SH:  0    Dex: 18    Spells: 14/17 levels left

rFire    + . .     SeeInvis +   b - +4 lajatang (speed)
rCold    + . .     Faith    +   (shield currently unavailable)
rNeg     + . .     Spirit   .   n - +2 ring mail {rF+}
rPois    +         Reflect  .   (no helmet)
rElec    .         Harm     .   O - +2 cloak "Beutt" {rC+ rCorr Dex+4}
rCorr    +         Rampage  .   M - +2 pair of gloves of Boqymum {SInv}
Will     +....                  (no boots)
Stlth    ++........             y - amulet of faith
HPRegen  0.30/turn              R - ring of poison resistance
MPRegen  0.16/turn              J - ring of positive energy

@: paralysed, heroic, wereblooded
A: talons 2, rugged brown scales 2, demonic guardian 1, demonic magic 1,
corrupting presence 1
a: Renounce Religion, Heroism, Finesse


You were on level 2 of the Orcish Mines.
You worshipped Okawaru.
Okawaru was extremely pleased with you.
You visited 3 branches of the dungeon, and saw 20 of its levels.
You also visited: Ossuary.

You collected 2165 gold pieces.

Inventory:

Hand Weapons
 b - a +4 lajatang of speed (weapon)
 E - a +0 hunting sling
Missiles
 m - 100 sling bullets
 o - 2 throwing nets
 z - 2 curare-tipped darts (quivered)
 H - 6 atropa-tipped darts
 T - 5 javelins
 U - 3 datura-tipped darts
 V - 13 silver javelins
Armour
 k - a +0 robe
 n - a +2 ring mail of fire resistance (worn)
 M - the +2 pair of gloves of Boqymum (worn) {SInv}
   (You acquired it on level 11 of the Dungeon)

   It lets you see invisible.
 N - a +0 cloak of stealth
 O - the +2 cloak "Beutt" (worn) {rC+ rCorr Dex+4}
   (Okawaru gifted it to you on level 11 of the Dungeon)

   It affects your dexterity (+4).
   It protects you from cold.
   It protects you from acid and corrosion.
Magical Staves
 C - a staff of earth
Jewellery
 f - an amulet of the acrobat
 l - an amulet of guardian spirit
 y - an amulet of faith (around neck)
 J - a ring of positive energy (right hand)
 R - a ring of poison resistance (left hand)
Wands
 p - a wand of charming (14)
 x - a wand of paralysis (4)
 B - a wand of flame (18)
 L - a wand of digging (1)
Scrolls
 g - a scroll of brand weapon
 h - 2 scrolls of teleportation {@r4}
 j - 4 scrolls of amnesia
 q - a scroll of identify {@r1}
 w - 3 scrolls of noise
 A - 2 scrolls of magic mapping
 F - 2 scrolls of enchant armour
 I - a scroll of summoning
 K - 3 scrolls of vulnerability
 S - 3 scrolls of fog
Potions
 a - 2 potions of flight
 c - a potion of brilliance
 d - 5 potions of mutation
 e - a potion of attraction {unknown}
 i - 5 potions of might
 r - a potion of lignification {unknown}
 s - 2 potions of invisibility
 t - 2 potions of magic
 u - a potion of curing {@q1}
 v - 2 potions of cancellation
 D - a potion of resistance {unknown}
 P - a potion of berserk rage {unknown}
 Q - 2 potions of haste {@q3}
Miscellaneous
 G - a lightning rod (4/4)
 W - a tin of tremorstones (inert)


   Skills:
 - Level 12.7(17.7) Fighting
 - Level 0.2(12.0) Polearms
 + Level 11.0(16.0) Staves
 - Level 5.0(10.0) Throwing
 + Level 8.8(13.8) Armour
 - Level 11.0(16.0) Dodging
 - Level 3.1(8.1) Unarmed Combat
 - Level 2.0 Spellcasting
 - Level 5.2 Transmutations
 - Level 0.7 Poison Magic
 - Level 6.0 Invocations
 - Level 5.0 Evocations


You had 14 spell levels left.
You knew the following spells:

 Your Spells              Type           Power      Damage    Failure   Level
a - Beastly Appendage     Tmut           36%        N/A       4%          1
b - Wereblood             Tmut           18%        N/A       6%          2

Your spell library contained the following spells:

 Spells                   Type           Power      Damage    Failure   Level
 Spider Form              Tmut/Pois      5%         N/A       30%         3
 Corona                   Hex            1%         N/A       34%         1
 Sandblast                Erth           2%         2d4       34%         1
 Shock                    Conj/Air       4%         1d3       34%         1
 Summon Small Mammal      Summ           4%         N/A       34%         1
 Call Imp                 Summ           1%         N/A       45%         2
 Slow                     Hex            1%         N/A       45%         2
 Static Discharge         Conj/Air       1%         N/A       45%         2
 Call Canine Familiar     Summ           1%         N/A       71%         3
 Inner Flame              Hex/Fire       1%         N/A       71%         3
 Portal Projectile        Hex/Tloc       2%         N/A       71%         3
 Summon Guardian Golem    Hex/Summ       1%         N/A       71%         3
 Swiftness                Air            1%         N/A       71%         3
 Ice Form                 Ice/Tmut       9%         N/A       75%         4
 Airstrike                Air            0%         N/A       98%         4
 Cause Fear               Hex            0%         N/A       98%         4
 Leda's Liquefaction      Hex/Erth       0%         N/A       98%         4
 Summon Ice Beast         Ice/Summ       1%         N/A       98%         4
 Summon Lightning Spire   Summ/Air       1%         N/A       98%         4
 Bolt of Magma            Conj/Fire/Erth 0%         4d4       100%        5
 Freezing Cloud           Conj/Ice/Air   0%         6-21      100%        5
 Lightning Bolt           Conj/Air       0%         1d11      100%        5
 Simulacrum               Ice/Necr       0%         N/A       100%        6
 Ozocubu's Refrigeration  Ice            0%         4d5       100%        7
 Disjunction              Tloc           0%         N/A       100%        8


Dungeon Overview and Level Annotations

Branches:
Dungeon (12/15)            Temple (0/1) D:7            Lair (6/6) D:11
 Shoals (0/4) Lair:4       Spider (0/4) Lair:2        Slime (0/5) Lair:5
    Orc (2/2) D:9         Ossuary (visited)
    Elf: Orc:2

Altars:
Ashenzari
Cheibriados
Elyvilon
Nemelex Xobeh
Okawaru
Sif Muna
Vehumet
Wu Jian
Xom
The Shining One
Beogh
Jiyva

Shops:
Orc:2 ([

Portals:
Trove: D:11 (give 12 potions of heal wounds)

Annotations:
D:10 2 transporters, spiderkeys's ghost, journeyman GrEE


Innate Abilities, Weirdness & Mutations

You have razor-sharp toenails.
You are mostly covered in rugged brown scales. (AC +2, +5% HP)
A weak demonic guardian rushes to your aid.
Spells you cast may paralyse adjacent enemies.
Your presence sometimes corrodes those you injure.


Message History

The two-headed ogre seems to be corroded for longer.
You claw the two-headed ogre!
The two-headed ogre is moderately wounded.
You slash the two-headed ogre! You claw the two-headed ogre!
The two-headed ogre is severely wounded.
The two-headed ogre misses you.
The two-headed ogre completely misses you.
You hit the two-headed ogre. You claw the two-headed ogre.
The two-headed ogre is almost dead.
You howl as the wereblood boils in your veins!
You slice the two-headed ogre!!
You feel a bit better.
You kill the two-headed ogre!
Okawaru accepts your kill.
You howl as the wereblood boils in your veins!
You slash the two-headed ogre! You claw the two-headed ogre!
The two-headed ogre is severely wounded.
The two-headed ogre closely misses you.
The two-headed ogre completely misses you.
You slice the two-headed ogre!!
You feel a bit better.
You kill the two-headed ogre!
Okawaru accepts your kill.
Throw: 3 darts (curare)
Press: ? - help, Q - select action, (/) - cycle Shift-Dir - straight line, f - ogre mage
Aim: an ogre mage, wielding a +0 whip and wearing a +0 robe (82% to hit)
You throw a curare-tipped dart.
The curare-tipped dart hits the ogre mage.
The ogre mage is poisoned.
The ogre mage convulses.
The ogre mage seems to slow down.
The ogre mage is lightly wounded.
The ogre mage gestures at you while chanting.
You suddenly lose the ability to move!
The two-headed ogre hits you with a +0 giant spiked club!!
* * * LOW HITPOINT WARNING * * *
A demonic guardian appears!
The two-headed ogre hits you with a +0 giant spiked club.
* * * LOW HITPOINT WARNING * * *
The ogre mage hits you with a +0 whip.
* * * LOW HITPOINT WARNING * * *
The two-headed ogre hits you with a +0 giant spiked club!
You die...

...
#...#......##.O.#O..
.#. ##.#...##O##
#.#..O∩ ###
####...#O# #.....
##.##O# #.... ##
####.# #... #..###
#O# ... #..###O# ..
###.5#O# ###@O# ####


You could see a two-headed ogre, an ogre mage (very poisoned, slow, ally
target), 5 ogres and a friendly iron imp (summoned).

Vanquished Creatures
  Jorgrun (Orc:1)
  A dire elephant (Lair:6)
  2 ettins
  Josephine (Orc:1)
  A boulder beetle (Lair:3)
  5 hydras
  A merfolk avatar (Lair:6)
  3 two-headed ogres
  6 death yaks (Lair:5)
  Urug (Orc:1)
  A sea snake (Lair:6)
  2 lindwurms (Lair:3)
  An orc knight (Orc:1)
  Pikel (D:7)
  An orc sorcerer (Orc:1)
  An orb spider (Lair:2)
  The ghost of indyram44 the Conjurer, a novice DrCj of Vehumet (D:6)
  A cyclops (D:11)
  2 manticores (Lair:6)
  2 merfolk sirens (Lair:4)
  8 elephants
  Joseph (D:7)
  16 cane toads
  6 rime drakes
  A kobold demonologist (D:10)
  8 komodo dragons
  2 merfolk (Lair:4)
  3 hornets (Lair:6)
  7 trolls
  6 polar bears
  9 blink frogs
  Grinder (D:3)
  A centaur simulacrum (D:10)
  4 wraiths
  3 wyverns
  34 yaks
  2 steam dragons
  5 basilisks
  Menkaure (D:4)
  24 water moccasins
  A sky beast (D:7)
  6 black bears
  An ice beast (D:10)
  14 orc warriors
  A necrophage (D:5)
  17 wolves
  5 centaurs
  6 ogres
  2 lemures (D:7)
  2 phantoms
  14 bullfrogs
  A kobold brigand (D:7)
  An elf zombie (Ossuary)
  A wyvern zombie (D:8)
  A gnoll sergeant (D:8)
  A scorpion (D:4)
  A water moccasin zombie (D:5)
  A wyvern skeleton (D:6)
  2 water moccasin skeletons
  6 killer bees (D:9)
  4 wights (D:4)
  5 electric eels
  A bullfrog zombie (D:5)
  A hound (D:6)
  4 centaur zombies
  2 centaur skeletons
  A human zombie (Ossuary)
  3 jellies
  8 orc priests
  A bullfrog skeleton (D:4)
  9 orc wizards
  4 iguanas
  3 mummies
  Robin (D:3)
  13 gnolls
  10 adders
  A shadow imp (D:7)
  3 white imps
  5 ufetubi
  An adder skeleton (D:4)
  An adder zombie (Ossuary)
  52 orcs
  6 ball pythons
  An endoplasm (D:1)
  5 giant cockroaches
  14 hobgoblins
  12 jackals
  9 kobolds
  3 quokkas
  3 bats
  A frilled lizard (D:1)
  15 goblins
  4 goblin zombies
  11 hobgoblin zombies (Ossuary)
  A jackal zombie (Ossuary)
  13 kobold zombies (Ossuary)
  5 orc zombies
  7 rats
  A rat zombie (Ossuary)
505 creatures vanquished.

Vanquished Creatures (collateral kills)
  An electric eel (Lair:3)
  An orc priest (Orc:1)
  An orc wizard (Orc:1)
  An orc (Orc:1)
4 creatures vanquished.

Vanquished Creatures (others)
  A two-headed ogre (Orc:2)
  A water moccasin (Lair:3)
  An ogre (Orc:2)
  A bush (D:11)
  28 fungi
  69 plants
101 creatures vanquished.

Grand Total: 610 creatures vanquished

Notes
Turn   | Place    | Note
-------+----------+-------------------------------------------
     0 | D:1      | freelancePsychic the Demonspawn Transmuter began the quest
                  | for the Orb.
     0 | D:1      | Reached XP level 1. HP: 15/15 MP: 3/3
   569 | D:1      | Gained mutation: You have sharp toenails. [demonic
                  | ancestry]
   569 | D:1      | Reached XP level 2. HP: 13/21 MP: 5/5
  1264 | D:1      | Reached XP level 3. HP: 23/26 MP: 6/6
  1305 | D:1      | Identified a scroll of acquirement
  1306 | D:1      | Acquired a +2 lajatang of speed
  1541 | D:2      | Found a faded altar of an unknown god.
  1750 | D:2      | Learned a level 2 spell: Wereblood
  1823 | D:2      | Reached skill level 1 in Staves
  2028 | D:2      | Reached skill level 2 in Fighting
  2489 | D:3      | Identified the +2 helmet "Xezep" {rF- Int+2 Dex+4}
  2489 | D:3      | Noticed Robin
  2500 | D:3      | Killed Robin
  2501 | D:3      | Gained mutation: You have razor-sharp toenails. [demonic
                  | ancestry]
  2501 | D:3      | Reached XP level 4. HP: 22/33 MP: 7/7
  2987 | D:3      | Found an iron altar of Okawaru.
  2995 | D:3      | Became a worshipper of Warmaster Okawaru
  3010 | D:3      | Reached XP level 5. HP: 38/39 MP: 8/8
  3279 | D:3      | Reached skill level 3 in Fighting
  3547 | D:3      | Reached XP level 6. HP: 46/47 MP: 9/9
  3606 | D:3      | Found a radiant altar of Vehumet.
  3840 | D:3      | Noticed Grinder
  3850 | D:3      | Killed Grinder
  3851 | D:3      | Reached skill level 4 in Fighting
  4040 | D:3      | Reached * piety under Okawaru
  4071 | D:4      | Gained mutation: You are partially covered in rugged brown
                  | scales. (AC +1, +3% HP) [demonic ancestry]
  4071 | D:4      | Reached XP level 7. HP: 33/55 MP: 7/10
  4321 | D:4      | Noticed Menkaure
  4514 | D:4      | Killed Menkaure
  4515 | D:4      | Reached skill level 5 in Staves
  4846 | D:4      | Reached skill level 1 in Invocations
  5045 | D:4      | Gained mutation: Spells you cast may paralyse adjacent
                  | enemies. [demonic ancestry]
  5045 | D:4      | Reached XP level 8. HP: 58/62 MP: 11/11
  5363 | D:5      | Entered Level 5 of the Dungeon
  5460 | D:5      | Reached ** piety under Okawaru
  5530 | D:5      | Found a sand-covered staircase.
  5537 | Ossuary  | Entered an ossuary
  6027 | D:5      | Found a shimmering altar of Xom.
  6071 | D:5      | Reached skill level 5 in Fighting
  6300 | D:5      | Found an ornate altar of the Wu Jian Council.
  6337 | D:5      | Found a shimmering blue altar of Sif Muna.
  6343 | D:5      | Found a snail-covered altar of Cheibriados.
  6500 | D:5      | Reached skill level 6 in Fighting
  6738 | D:6      | Reached XP level 9. HP: 71/71 MP: 12/12
  6785 | D:6      | Found a runed translucent gate.
  6785 | D:6      | Noticed indyram44's ghost (novice DrCj)
  6790 | D:6      | Found a runed translucent gate.
  6790 | D:6      | Found a runed translucent gate.
  7045 | D:6      | Found the +7 mace of Variability {chain chaos}
  7079 | D:6      | Reached *** piety under Okawaru
  7413 | D:6      | Reached skill level 7 in Fighting
  7731 | D:7      | Reached skill level 5 in Transmutations
  7961 | D:7      | Found a staircase to the Ecumenical Temple.
  8074 | D:7      | Noticed Joseph
  8087 | D:7      | Killed Joseph
  8432 | D:7      | Noticed Pikel
  8457 | D:7      | Killed Pikel
  8458 | D:7      | Reached skill level 8 in Fighting
  8557 | D:7      | Reached **** piety under Okawaru
  8884 | D:8      | Gained mutation: A weak demonic guardian rushes to your
                  | aid. [demonic ancestry]
  8884 | D:8      | Reached XP level 10. HP: 57/81 MP: 11/13
  9107 | D:8      | Found a sparkling altar of Nemelex Xobeh.
  9386 | D:8      | Reached skill level 9 in Fighting
 10036 | D:9      | Found a broken altar of Ashenzari.
 10056 | D:9      | Found a staircase to the Orcish Mines.
 10519 | D:9      | Reached skill level 5 in Armour
 10849 | D:10     | Entered Level 10 of the Dungeon
 11145 | D:10     | Noticed a cyclops
 11145 | D:10     | Noticed a wolf spider
 11145 | D:10     | Noticed spiderkeys's ghost (journeyman GrEE)
 11146 | D:10     | Found a transporter.
 11146 | D:10     | Found a transporter.
 11146 | D:10     | Noticed a deep troll earth mage
 11319 | D:10     | Reached ***** piety under Okawaru
 11766 | D:10     | Noticed a two-headed ogre
 11775 | D:10     | Killed a two-headed ogre
 11775 | D:10     | Identified the +1 quarterstaff of the Owl {protect, *Slow
                  | rCorr Str+4 Int+4} (Okawaru gifted it to you on level 10 of
                  | the Dungeon)
 11775 | D:10     | Received a gift from Okawaru
 11776 | D:10     | Reached skill level 10 in Fighting
 12435 | D:11     | Acquired the +2 pair of gloves of Boqymum {SInv}
 12545 | D:6      | Killed indyram44's ghost
 12550 | D:6      | Gained mutation: Your presence sometimes corrodes those you
                  | injure. [demonic ancestry]
 12550 | D:6      | Reached XP level 11. HP: 53/94 MP: 9/14
 13100 | D:11     | Found a staircase to the Lair.
 13115 | D:11     | Reached skill level 5 in Dodging
 13263 | D:11     | Noticed a death knight
 13325 | D:11     | Found a portal to a secret trove of treasure.
 13849 | D:12     | Reached skill level 11 in Fighting
 13901 | D:12     | Noticed a boulder beetle
 13933 | D:11     | Identified the +2 cloak "Beutt" {rC+ rCorr Dex+4} (Okawaru
                  | gifted it to you on level 11 of the Dungeon)
 13933 | D:11     | Received a gift from Okawaru
 13934 | D:11     | Reached skill level 1 in Evocations
 14282 | Lair:1   | Entered Level 1 of the Lair of Beasts
 14806 | Lair:1   | Reached skill level 5 in Evocations
 15197 | Lair:1   | Reached skill level 5 in Invocations
 15686 | Lair:2   | Found a hole to the Spider Nest.
 15686 | Lair:2   | Noticed an orb spider
 15689 | Lair:2   | Killed an orb spider
 15787 | Lair:2   | Reached XP level 12. HP: 51/103 MP: 13/16
 16437 | Lair:3   | Noticed a six-headed hydra
 16450 | Lair:3   | Killed a six-headed hydra
 16747 | Lair:3   | Reached skill level 10 in Staves
 16764 | Lair:3   | Noticed a boulder beetle
 16776 | Lair:3   | Killed a boulder beetle
 16922 | Lair:3   | Received a gift from Okawaru
 17024 | Lair:3   | Noticed a six-headed hydra
 17397 | Lair:3   | Killed a six-headed hydra
 17966 | Lair:4   | Found a staircase to the Shoals.
 18057 | Lair:4   | Noticed a six-headed hydra
 18063 | Lair:4   | Killed a six-headed hydra
 18257 | Lair:4   | Reached ****** piety under Okawaru
 18265 | Lair:4   | Received a gift from Okawaru
 18271 | Lair:4   | Reached skill level 1 in Throwing
 18325 | Lair:4   | Noticed a four-headed hydra
 18647 | Lair:5   | Found a staircase to the Slime Pits.
 18650 | Lair:5   | Found a viscous altar of Jiyva.
 18677 | Lair:5   | Noticed a death yak
 18677 | Lair:5   | Noticed a death yak
 18677 | Lair:5   | Noticed a death yak
 18677 | Lair:5   | Noticed a death yak
 18678 | Lair:5   | Noticed a death yak
 18678 | Lair:5   | Noticed a death yak
 18705 | Lair:5   | Killed a death yak
 18713 | Lair:5   | Killed a death yak
 18724 | Lair:5   | Killed a death yak
 18725 | Lair:5   | Reached XP level 13. HP: 78/109 MP: 8/17
 19404 | Lair:5   | Received a gift from Okawaru
 19424 | Lair:5   | Reached skill level 5 in Throwing
 19436 | Lair:5   | Reached skill level 10 in Dodging
 19549 | Lair:6   | Entered Level 6 of the Lair of Beasts
 19866 | Lair:6   | Noticed a dire elephant
 20157 | Lair:5   | Received a gift from Okawaru
 22686 | Lair:6   | Killed a dire elephant
 22811 | Lair:6   | Reached skill level 12 in Fighting
 23161 | Lair:6   | Gained mutation: You are mostly covered in rugged brown
                  | scales. (AC +2, +5% HP) [demonic ancestry]
 23161 | Lair:6   | Reached XP level 14. HP: 87/120 MP: 18/18
 23651 | Lair:6   | Identified the Disquisition on Ashen Orientation
 23671 | Lair:6   | Identified the +6 hand axe of the Moon {flame, +Blink rElec
                  | rN+ Str-2}
 23938 | Orc:1    | Entered Level 1 of the Orcish Mines
 23938 | Orc:1    | Noticed Jorgrun
 23949 | Orc:1    | Killed Jorgrun
 23986 | Orc:1    | Noticed Josephine
 23999 | Orc:1    | Killed Josephine
 24178 | Orc:1    | Received a gift from Okawaru
 24199 | Orc:1    | Noticed Urug
 24207 | Orc:1    | Killed Urug
 24492 | Orc:1    | Received a gift from Okawaru
 24755 | Orc:2    | Entered Level 2 of the Orcish Mines
 24837 | Orc:2    | Found Xaom's Weapon Boutique.
 24839 | Orc:2    | Found Luez's Armour Shoppe.
 24898 | Orc:2    | Paralysed by an ogre mage for 5 turns
 24899 | Orc:2    | HP: 6/121 [ogre mage (4)]
 24900 | Orc:2    | Mangled by a two-headed ogre

Illustrated notes

Levels and vault maps discovered:
D:1:      amcnicky_arrival_underground_garden, layout_rooms
D:2:      minmay_general_purpose_star, layout_loops_cross,
          hellmonk_ecumenical_altar_blasted
D:3:      layout_basic, nicolae_overflow_hidden_temple,
          kennysheep_okawaru_gauntlet, supply_closet_lemuel, uniq_robin,
          uniq_grinder
D:4:      layout_cave_pools, lemuel_round_altar, uniq_menkaure
D:5:      layout_gridville, grunt_temple_overflow_open,
          nicolae_ossuary_entry_giza
D:6:      layout_basic, biasface_ghost_orc_armoury
D:7:      layout_loops_ring, minmay_temple_entry_offerings, serial_bayou_pond_a,
          uniq_joseph, uniq_pikel
D:8:      layout_basic, lemuel_crystal_altar, nemelex_altar_shiori
D:9:      layout_cave_pools, cheibrodos_ashenzari_chains, orc_0_dummy,
          grunt_decor_mini_mirrors, nicolae_two_hexagons
D:10:     layout_basic, serial_ice, serial_ice_l, serial_ice_a, serial_ice_b,
          serial_ice_o, serial_ice_f, gammafunk_ghost_arena,
          minmay_large_rounded_square, hex_intersection
D:11:     layout_roguey, minmay_lair_entry_grove, enter_trove_2
D:12:     layout_stronghold, zin_treasury
Lair:1:   layout_layer_cave, grunt_forest_stairs_basic
Lair:2:   layout_hall_layers, nicolae_spider_entry_orb_guardian
Lair:3:   layout_roguey, beast_lair_carwin_7, serial_bayou_shore_a
Lair:4:   cheibrodos_lair_river_kwai, layout_gridlike,
          elwin_shoals_entry_stream, chequers_serial_rivers_large_b
Lair:5:   layout_cave_pods, slime_altar_1
Lair:6:   gammafunk_lair_ancient_temple, layout_regular_city
Orc:1:    layout_diamond_mine, uniq_josephine, uniq_jorgrun, uniq_urug
Orc:2:    st_orc_open, layout_caves, basic_altar

Skill      XL: |  1  2  3  4  5  6  7  8  9 10 11 12 13 14 |
---------------+-------------------------------------------+-----
Dodging        | 2 4 6 9 11 | 11.0
Unarmed Combat | 3 |  3.1
Staves         | 1 2 3 4 6 7 8 9 10 11 | 11.0
Fighting       | 2 3 4 6 8 10 11 12 | 12.7
Invocations    | 2 3 6 |  6.0
Transmutations | 3 5 |  5.2
Armour         | 3 5 7 8 |  8.8
Evocations     | 5 |  5.0
Throwing       | 3 5 |  5.0
Polearms       | |  0.2
Spellcasting   | |  2.0
Poison Magic   | |  0.7

Action                   |  1- 3 |  4- 6 |  7- 9 | 10-12 | 13-15 || total
-------------------------+-------+-------+-------+-------+-------++-------
Melee: Unarmed           |    72 |       |       |       |       ||    72
       Kick              |    17 |    20 |    99 |   165 |   197 ||   498
       Headbutt          |     3 |       |     7 |    20 |    10 ||    40
       Punch             |     2 |       |       |       |       ||     2
       Lajatang          |    45 |   120 |   403 |   572 |   517 ||  1657
       Great mace        |       |       |    13 |       |       ||    13
       Staff             |       |       |       |       |     2 ||     2
 Fire: Hunting sling     |       |    28 |     5 |       |       ||    33
Throw: Stone             |    14 |       |     1 |       |       ||    15
       Dart              |       |       |       |     7 |    12 ||    19
       Javelin           |       |       |       |     6 |       ||     6
       Boomerang         |       |       |       |     2 |       ||     2
 Cast: Beastly Appendage |    11 |       |     5 |    13 |     2 ||    31
       Wereblood         |       |       |     3 |    11 |     3 ||    17
Invok: Heroism           |       |     1 |     5 |    11 |     9 ||    26
       Finesse           |       |       |       |     1 |     6 ||     7
Evoke: Wand              |       |       |       |    40 |    20 ||    60
       Tin of tremorston |       |       |       |       |     2 ||     2
  Use: Scroll            |     3 |     1 |     5 |    18 |     8 ||    35
       Potion            |       |     1 |       |     1 |     5 ||     7
 Stab: Paralysed         |       |       |       |    14 |     4 ||    18
       Held in net/web   |       |       |       |     1 |       ||     1
       Invisible         |       |       |       |       |     5 ||     5
Armor: Robe              |    21 |       |       |       |       ||    21
       Ring mail         |     2 |    32 |    86 |   143 |   125 ||   388
       Scale mail        |     1 |       |       |       |       ||     1
Dodge: Dodged            |    71 |    74 |   171 |   318 |   365 ||   999

Table legend: (Time is in decaauts)
 A = Elapsed time spent in this place.
 B = Non-inter-level travel time spent in this place.
 C = Inter-level travel time spent in this place.
 D = Time resting spent in this place.
 E = Time spent auto-exploring this place.
 F = Levels seen in this place.
 G = Mean time per level.
                   A        B        C        D        E       F      G
               +--------+--------+--------+--------+--------+-----+--------+
         Total |  24359 |  23035 |   1324 |   3184 |  15788 |  21 | 1160.0 |
       Dungeon |  13648 |  12873 |    775 |   1996 |   8768 |  12 | 1137.3 |
          Lair |   9388 |   8881 |    507 |    998 |   6324 |   6 | 1564.7 |
  Orcish Mines |    871 |    830 |     41 |      0 |    559 |   2 |  435.5 |
       Ossuary |    450 |    450 |      0 |    189 |    137 |   1 |  450.0 |
               +--------+--------+--------+--------+--------+-----+--------+

Top non-repeatable levels by time:
  Lair:5: 2128 daAuts
     D:3: 1883 daAuts
    D:10: 1783 daAuts
  Lair:6: 1778 daAuts
  Lair:3: 1645 daAuts
  Lair:4: 1580 daAuts
     D:1: 1461 daAuts
  Lair:1: 1324 daAuts
     D:7: 1167 daAuts
     D:5: 1124 daAuts
     D:2: 1103 daAuts
     D:8: 1069 daAuts
     D:9: 994 daAuts
    D:11: 989 daAuts
  Lair:2: 932 daAuts
